 Dungeon Crawl Stone Soup version 0.15-a0-1914-g8cb84b8 (webtiles) character file.

1773 N00bl0rd the Martial Artist (level 9, -7/45 HPs)
             Began as a Vine Stalker Monk on July 7, 2014.
             Was an Elder of Cheibriados.
             Mangled by Ladykiller69's ghost (9 damage)
             ... on Level 7 of the Dungeon.
             The game lasted 00:15:13 (4462 turns).

N00bl0rd the Martial Artist (Vine Stalker Monk)     Turns: 4462, Time: 00:15:13

HP  -7/45        AC  5     Str 24      XL: 9   Next:  7%
MP   0/21        EV 14     Int 20      God: Cheibriados [****..]
Gold 259         SH  0     Dex 30      Spells:  0 memorised, 16 levels left

rFire  . . .     SeeInvis .       - Unarmed
rCold  . . .     Clarity  .     a - +0 robe
rNeg   . . .     rCorr    .     (no shield)
rPois  .         rRot     +     h - +1 helmet
rElec  .         Spirit   +     (no cloak)
SustAb +         Warding  .     (no gloves)
rMut   .         Stasis   .     D - +0 pair of boots
Gourm  +                        n - amulet of the gourmand
MR     +....                    (no ring)
                                q - ring of sustain abilities

@: very slow, somewhat resistant to hostile enchantments, fairly stealthy
A: fangs 3, regeneration 2, magic shield, antimagic bite, no device heal 3, rot
immunity
a: Bend Time, Temporal Distortion, Slouch, Renounce Religion


You were on level 7 of the Dungeon.
You worshipped Cheibriados.
Cheibriados was greatly pleased with you.
You were completely stuffed.

You visited 2 branches of the dungeon, and saw 8 of its levels.

You collected 259 gold pieces.

Inventory:

Armour
 a - a +0 robe (worn)
 h - a +1 helmet (worn)
 D - a +0 pair of boots (worn)
Magical devices
 r - a wand of flame (10)
 B - a wand of teleportation (3)
Comestibles
 b - 6 bread rations
 w - 2 beef jerkies
Scrolls
 c - 5 scrolls of identify
 e - a scroll of remove curse
 g - 2 scrolls of recharging {unknown}
 k - 2 scrolls of fog {unknown}
 m - 2 scrolls of immolation {unknown}
 o - 3 scrolls of teleportation {unknown}
 s - 2 scrolls of enchant armour {unknown}
 u - a scroll of random uselessness {unknown}
 y - a scroll of noise {unknown}
 H - a scroll of enchant weapon {unknown}
Jewellery
 d - an uncursed amulet of warding
 n - an amulet of the gourmand (around neck)
 q - a ring of sustain abilities (left hand)
Potions
 f - a potion of resistance {unknown}
 i - 2 potions of mutation {unknown}
 j - 4 potions of curing
 l - a potion of magic {unknown}
 p - a potion of brilliance {unknown}
 t - a potion of berserk rage {unknown}
 v - a potion of degeneration {unknown}
 z - a potion of paralysis {unknown}
 A - a potion of agility {unknown}
 C - 2 potions of poison {unknown}
Books
 x - a book of Death

   Spells                             Type                      Level
   Corpse Rot                         Necromancy                   2
   Sublimation of Blood               Necromancy                   2
   Agony                              Necromancy                   5
   Dispel Undead                      Necromancy                   5
   Excruciating Wounds                Charms/Necromancy            5
   Bolt of Draining                   Conjuration/Necromancy       5


   Skills:
 + Level 4.1 Fighting
 + Level 4.2 Armour
 - Level 2.4 Dodging
 - Level 2.4 Stealth
 * Level 8.6 Unarmed Combat
 - Level 4.1 Spellcasting
 + Level 3.2 Invocations


You had 16 spell levels left.
You didn't know any spells.

Dungeon Overview and Level Annotations

Branches:
Dungeon (7/15)             Temple (1/1) D:6

Altars:
Ashenzari
Cheibriados
Dithmenos
Elyvilon
Fedhas
Gozag
Kikubaaqudgha
Makhleb
Nemelex Xobeh
Okawaru
Qazlal
Sif Muna
Trog
Vehumet
Xom
Yredelemnul
Zin
The Shining One

Shops:
D:4 :   D:6 [

Annotations:
D:7 Ladykiller69's ghost, experienced FoFi


Innate Abilities, Weirdness & Mutations

You have razor-sharp teeth.
You heal very quickly.
When hurt, damage is shared between your health and your magic reserves.
Your bite disrupts and absorbs the magic of your enemies.
Potions and wands cannot restore your health.
You are immune to rotting.


Message History

You bite Ladykiller69's ghost, but do no damage.
Ladykiller69's ghost is moderately damaged.
Ladykiller69's ghost barely misses you.
You barely miss Ladykiller69's ghost. You bite Ladykiller69's ghost.
You drain its power.
You feel invigorated.
Ladykiller69's ghost is moderately damaged.
Ladykiller69's ghost hits you.
Unknown command.
You hit Ladykiller69's ghost. You punch Ladykiller69's ghost.
You bite Ladykiller69's ghost, but do no damage.
Ladykiller69's ghost is heavily damaged.
Ladykiller69's ghost hits you!
* * * LOW HITPOINT WARNING * * *
You hit Ladykiller69's ghost. Your bite misses Ladykiller69's ghost.
Ladykiller69's ghost is heavily damaged.
Ladykiller69's ghost hits you!!
* * * LOW HITPOINT WARNING * * *
Unknown command.
Ladykiller69's ghost hits you!
You die...

... .#.## .#
...##.. ....#.#
#.#.$.#
#.#..#####
#####.#.......
#..........#
#..@W......#
#..........#
#.......)...#
#...##.#####...
#.## #.# #. #.
#.# . #.# # #..
#..


You could see Ladykiller69's ghost.

Vanquished Creatures
  Grinder (D:6)
  Prince Ribbit (D:4)
  The ghost of Borgoz the Stinger, an average SpVM of Gozag (D:4)
  An ice beast (D:5)
  A phantom (D:5)
  An ogre (D:6)
  2 centaurs (D:6)
  A giant frog (D:6)
  A scorpion (D:4)
  A hippogriff zombie (D:5)
  2 crimson imps (D:5)
  2 orc priests (D:3)
  5 orc wizards
  Natasha (thrice) (D:3)
  A giant frog skeleton (D:4)
  A worker ant (D:4)
  A hound zombie (D:5)
  13 adders
  4 gnolls (D:6)
  A shadow imp (D:5)
  A giant mite (D:2)
  2 worms
  6 giant geckos
  9 orcs
  A ball python (D:3)
  3 giant cockroaches
  10 goblins
  9 hobgoblins
  12 kobolds
  3 quokkas
  5 bats
  4 giant newts
  A hobgoblin skeleton (D:4)
  2 orc skeletons
  5 rats
  3 rat skeletons (D:4)
120 creatures vanquished.

Vanquished Creatures (others)
  5 toadstools (D:1)
5 creatures vanquished.

Grand Total: 125 creatures vanquished

Notes
Turn   | Place    | Note
--------------------------------------------------------------
     0 | D:1      | N00bl0rd, the Vine Stalker Monk, began the quest for the Orb.
     0 | D:1      | Reached XP level 1. HP: 11/11 MP: 1/1
    92 | D:1      | Reached XP level 2. HP: 16/16 MP: 3/3
   646 | D:2      | Reached skill level 1 in Spellcasting
   653 | D:2      | Reached XP level 3. HP: 5/19 MP: 2/5
   937 | D:2      | Reached skill level 1 in Armour
   952 | D:2      | Reached XP level 4. HP: 3/23 MP: 4/7
  1337 | D:2      | Found a radiant altar of Vehumet.
  1341 | D:2      | Found a sparkling altar of Nemelex Xobeh.
  1341 | D:2      | Found a snail-covered altar of Cheibriados.
  1350 | D:2      | Reached skill level 5 in Unarmed Combat
  1354 | D:2      | Became a worshipper of Cheibriados the Contemplative
  1685 | D:3      | Reached XP level 5. HP: 22/27 MP: 8/11
  1753 | D:3      | Found a shimmering altar of Xom.
  1754 | D:3      | Noticed an angel
  1755 | D:3      | Found a glowing silver altar of Zin.
  1845 | D:3      | Noticed Natasha
  1853 | D:3      | Killed Natasha
  1967 | D:3      | Noticed Natasha
  1973 | D:3      | Killed Natasha
  2000 | D:3      | Noticed Natasha
  2006 | D:3      | Killed Natasha
  2045 | D:3      | Gained mutation: You heal very quickly. [vine stalker growth]
  2045 | D:3      | Reached XP level 6. HP: 10/32 MP: 12/14
  2137 | D:3      | Acquired Cheibriados' first power
  2215 | D:3      | Reached skill level 6 in Unarmed Combat
  2408 | D:4      | Noticed Borgoz's ghost (average SpVM)
  2423 | D:4      | Killed Borgoz's ghost
  2423 | D:4      | Reached XP level 7. HP: 35/35 MP: 17/17
  2506 | D:4      | Noticed Prince Ribbit
  2538 | D:4      | Killed Prince Ribbit
  2584 | D:4      | Found Hamol's Book Shop.
  2669 | D:4      | Reached skill level 7 in Unarmed Combat
  2913 | D:4      | Acquired Cheibriados' second power
  2913 | D:4      | Reached skill level 1 in Invocations
  3138 | D:5      | Entered Level 5 of the Dungeon
  3193 | D:5      | Gained mutation: You have razor-sharp teeth. [vine stalker growth]
  3193 | D:5      | Reached XP level 8. HP: 23/40 MP: 17/20
  3878 | D:6      | Found Ghorph's Armour Shoppe.
  3910 | D:6      | Reached skill level 8 in Unarmed Combat
  3963 | D:6      | Found a staircase to the Ecumenical Temple.
  3988 | Temple   | Entered the Ecumenical Temple
  4091 | D:6      | Found a blossoming altar of Fedhas.
  4201 | D:6      | Noticed Grinder
  4210 | D:6      | Killed Grinder
  4210 | D:6      | Reached XP level 9. HP: 45/45 MP: 21/21
  4447 | D:7      | Noticed Ladykiller69's ghost (experienced FoFi)
  4461 | D:7      | HP: 2/45 [Ladykiller69's ghost (12)]
  4462 | D:7      | Mangled by Ladykiller69's ghost

Action                   |  1- 3 |  4- 6 |  7- 9 || total
-------------------------+-------+-------+-------++-------
Melee: Unarmed           |    83 |   127 |   153 ||   363
Evoke: Wand              |       |       |     2 ||     2
  Use: Potion            |       |     1 |       ||     1
       Scroll            |       |       |     2 ||     2
 Stab: Sleeping          |     3 |     7 |    14 ||    24
  Eat: Chunk             |       |     3 |    18 ||    21
